 Dungeon Crawl Stone Soup version 0.29.0-11-gd7f09526c8 (webtiles) character file.

Game seed: 16571601383275160160

219 RascalDebosk the Poker (level 5, -13/46 HPs)
             Began as a Minotaur Monk on Sept 3, 2022.
             Engulfed by a cloud of flame (16 damage)
             ... on level 4 of the Dungeon.
             The game lasted 00:18:43 (3372 turns).

RascalDebosk the Poker (Minotaur Monk)              Turns: 3372, Time: 00:18:43

Health: -13/46     AC: 11    Str: 18    XL:     5   Next: 63%
Magic:  0/5        EV:  5    Int:  7    God:
Gold:   260        SH:  4    Dex: 12    Spells: 4/4 levels left

rFire   . . .      SeeInvis .   a - +0 spear (flame)
rCold   . . .      Faith    .   s - +0 buckler
rNeg    . . .      Spirit   +   q - +0 plate armour
rPois   .          Reflect  .   (helmet restricted)
rElec   .          Harm     .   (no cloak)
rCorr   .          Rampage  .   (no gloves)
Will    .....                   (no boots)
Stlth   ..........              n - amulet of guardian spirit
HPRegen 0.15/turn               (no ring)
MPRegen 0.09/turn               (no ring)

@: no status effects
A: horns 2, retaliatory headbutt
a: no special abilities


You were on level 4 of the Dungeon.
You visited 1 branch of the dungeon, and saw 4 of its levels.

You collected 260 gold pieces.

Inventory:

Hand Weapons
 a - a +0 spear of flaming (weapon)
Armour
 q - a +0 plate armour (worn)
 s - a +0 buckler (worn)
Jewellery
 n - an amulet of guardian spirit (around neck)
Wands
 t - a wand of mindburst (14)
Scrolls
 e - 3 scrolls of blinking
 g - a scroll of teleportation
Potions
 b - a potion of haste
 c - a potion of ambrosia
 f - 2 potions of heal wounds
 k - a potion of brilliance
 l - 3 potions of curing
 r - a potion of invisibility


   Skills:
 + Level 4.2 Fighting
 + Level 4.3 Polearms
 + Level 1.6 Throwing
 + Level 2.3 Armour
 - Level 3.2 Dodging
 - Level 1.5 Stealth
 - Level 1.6 Shields
 + Level 1.6 Invocations
 * Level 2.4 Evocations


You had 4 spell levels left.
You didn't know any spells.
Your spell library contained the following spells:

 Spells                   Type           Power      Damage    Failure   Level
 Shock                    Conj/Air       0%         1d3       100%        1
 Confusing Touch          Hex            0%         N/A       100%        3
 Swiftness                Air            0%         N/A       100%        3
 Airstrike                Air            0%         2d(0-16)  100%        4
 Leda's Liquefaction      Hex/Erth       0%         N/A       100%        4
 Lee's Rapid Deconstruct  Erth           0%         3d5*      100%        5
 Yara's Violent Unravell  Hex/Tmut       0%         3d3       100%        5
 Statue Form              Tmut/Erth      0%         N/A       100%        6
 Enfeeble                 Hex            0%         N/A       100%        7


Dungeon Overview and Level Annotations

Branches:
Dungeon (4/15)
 Temple: D:4-7

Altars:
Dithmenos
Fedhas
Xom


Innate Abilities, Weirdness & Mutations

You have a pair of horns on your head.
You reflexively headbutt those who attack you in melee.


Message History

A worm comes into view.
You feel your willpower return.
An iguana comes into view.
The iguana hisses angrily.
You hit the iguana. You burn the iguana. Your headbutt misses the iguana.
The iguana is moderately wounded.
The iguana bites you.
Your goblin hits the iguana with a +0 dagger.
You hit the iguana. You burn the iguana.
The iguana is heavily wounded.
The iguana bites you.
Your goblin hits the iguana but does no damage.
You barely miss the iguana. You headbutt the iguana.
The iguana is severely wounded.
The iguana bites you but does no damage.
The goblin throws a stone.
The stone hits your goblin. Flame seeps out of your goblin. The worm bites you!
Your goblin is engulfed in blazing flames.
Your goblin's corpse dissolves into shadows!
Your goblin explodes!
The fiery explosion engulfs your adder!!
Your adder's corpse dissolves into shadows!
The fiery explosion engulfs your giant cockroach!!
Your giant cockroach's corpse dissolves into shadows!
The fiery explosion engulfs the goblin!!
You kill the goblin!
Your giant cockroach explodes!
The fiery explosion engulfs your goblin!!
Your goblin's corpse dissolves into shadows!
Your goblin explodes!
The fiery explosion engulfs the iguana!!
You kill the iguana!
The fiery explosion engulfs you!!!
Ouch! That really hurt!
* * * LOW HITPOINT WARNING * * *
Your adder explodes!
You hear a shout!
You hit the worm. You burn the worm.
The worm is moderately wounded.
You are engulfed in blazing flames.
You die...

#.# # . #.#
.# .# #.##.#
..#
###....###.##
#§§..##.....#
#○##.##...# #
#§##g#..#
#.#§##S...#
#.§@#...#.#
#..w.#.#...#
#.##...#..##
... #..##.##
#.# ........
.. #.
#........ .$
# #........
..# ##.###..
.... ....
#..#


You could see a worm.

Vanquished Creatures
  A jelly (D:4)
  Jessica (D:2)
  An iguana (D:4)
  5 adders
  A worm (D:3)
  5 dart slugs
  An orc (D:3)
  3 ball pythons
  5 bats
  6 endoplasms
  5 giant cockroaches
  7 goblins
  7 hobgoblins
  4 jackals (D:1)
  6 kobolds
  3 quokkas
  7 frilled lizards
  6 rats
74 creatures vanquished.

Notes
Turn   | Place    | Note
-------+----------+-------------------------------------------
     0 | D:1      | RascalDebosk the Minotaur Monk began the quest for the Orb.
     0 | D:1      | Reached XP level 1. HP: 19/19 MP: 0/0
    50 | D:1      | Reached XP level 2. HP: 4/27 MP: 1/1
   322 | D:1      | Found a faded altar of an unknown god.
   358 | D:1      | Reached skill level 1 in Evocations
   525 | D:1      | Reached XP level 3. HP: 33/33 MP: 2/2
   826 | D:1      | Reached skill level 1 in Armour
  1435 | D:2      | Reached skill level 1 in Shields
  1473 | D:2      | Found a shimmering altar of Xom.
  1626 | D:2      | Noticed Jessica
  1634 | D:2      | Killed Jessica
  1635 | D:2      | Reached skill level 1 in Throwing
  1635 | D:2      | Reached skill level 1 in Invocations
  1635 | D:2      | Reached XP level 4. HP: 38/40 MP: 3/3
  2545 | D:3      | Found a shadowy altar of Dithmenos.
  2790 | D:3      | Found a blossoming altar of Fedhas.
  2813 | D:3      | Reached XP level 5. HP: 39/46 MP: 4/4
  3372 | D:4      | Engulfed by a cloud of flame

Illustrated notes

Levels and vault maps discovered:
D:1:      dreamdust_arrival_sigmund_warning, layout_basic,
          hellmonk_ecumenical_altar_lost_god
D:2:      minmay_razor_zed, layout_basic, basic_altar,
          kennysheep_generic_room_14, uniq_jessica
D:3:      layout_rooms, lemuel_round_altar, mainiacjoe_overflow_alcove_2,
          st_stairs_13
D:4:      layout_rooms, minmay_temple_entry_mist, serial_shops, shop,
          nicolae_shop_overgrown_old_shop, shop, nicolae_shop_hallway_stairs,
          uniq_pikel, uniq_crazy_yiuf_cottage

Skill      XL: |  1  2  3  4 |
---------------+-------------+-----
Evocations     | 1 2 |  2.4
Armour         | 1 2 |  2.3
Shields        | 1 |  1.6
Fighting       | 4 |  4.2
Polearms       | 4 |  4.3
Throwing       | 1 |  1.6
Invocations    | 1 |  1.6
Dodging        | |  3.2
Stealth        | |  1.5

Action                   |  1- 3 |  4- 6 || total
-------------------------+-------+-------++-------
Melee: Spear             |   104 |    99 ||   203
       Headbutt          |     9 |    17 ||    26
       Punch             |       |     3 ||     3
  Use: Scroll            |       |    13 ||    13
Armor: Robe              |     8 |       ||     8
       Scale mail        |    24 |    13 ||    37
       Plate armour      |       |    33 ||    33
Dodge: Dodged            |    45 |    35 ||    80
Block: Buckler           |       |     1 ||     1
